 Dungeon Crawl Stone Soup version 0.31-a0-431-g88bdf31460 (webtiles) character file.

Game seed: 1066418979388180795

81 Dirtsage the Ruffian (level 4, -8/32 HPs)
             Began as a Demonspawn Shapeshifter on July 31, 2023.
             Mangled by Ijyb
             ... wielding a +0 dagger of electrocution
              (20 damage)
             ... on level 3 of the Dungeon.
             The game lasted 00:04:10 (1706 turns).

Dirtsage the Ruffian (Demonspawn Shapeshifter)      Turns: 1706, Time: 00:04:11

Health: -8/32      AC:  5    Str: 18    XL:     4   Next: 19%
Magic:  4/4        EV: 11    Int:  9    God:
Gold:   99         SH:  0    Dex: 13    Spells: 3/3 levels left

rFire   . .          .
                       - Unarmed
rCold   . . .        (no shield)
rNeg    . . .        g - +0 ring mail
rPois   .            (helmet currently unavailable)
rElec   .            (cloak currently unavailable)
rCorr   .            (gloves currently unavailable)
SInv    .            (boots currently unavailable)
Will    .....        (no amulet)
Stlth   +            (no ring)
HPRegen 0.25/turn    (no ring)
MPRegen 0.09/turn

%: no passive effects
@: beast-form
A: beast (slay +2), horns 1, condensation shield
a: Begin Untransformation


You were on level 3 of the Dungeon.
You were a hulking beast.
You visited 1 branch of the dungeon, and saw 3 of its levels.

You collected 99 gold pieces.

Inventory:

Armour
 g - a +0 ring mail (worn)
 n - a +0 pair of gloves
Magical Staves
 e - a staff of death
Jewellery
 l - a ring of fire
 N - a ring of positive energy
Talismans
 c - a beast talisman (active)
 m - a maw talisman
Scrolls
 a - 2 scrolls of teleportation {unknown}
 d - a scroll of revelation {unknown}
 f - a scroll of amnesia {unknown}
 i - 2 scrolls of identify {unknown}
 k - a scroll of fog {unknown}
 o - a scroll of noise {unknown}
 p - a scroll of enchant armour {unknown}
 q - a scroll of fear {unknown}
Potions
 b - 2 potions of lignification
 h - a potion of curing {unknown}
 j - 2 potions of heal wounds {unknown}
 r - a potion of ambrosia {unknown}
 s - a potion of might {unknown}


   Skills:
 - Level 1.0 Fighting
 - Level 1.7 Dodging
 * Level 4.1 Unarmed Combat
 + Level 3.2 Shapeshifting


You had 3 spell levels left.
You didn't know any spells.
Your spell library contained the following spells:

 Spells                   Type           Power      Damage    Failure   Level
 Lesser Beckoning         Tloc           0%         N/A       73%         2
 Gell's Gravitas          Tloc           0%         N/A       91%         3
 Teleport Other           Tloc           0%         N/A       91%         3


Dungeon Overview and Level Annotations

Branches:
Dungeon (3/15)

Altars:

Shops:
D:1 [!(*

Annotations:
D:3 Ijyb


Innate Abilities, Weirdness & Mutations

You are a hulking beast.
Your limbs bulge with bestial killing power. (Slay +2)
You have a pair of small horns on your head.
A meltable shield of frost defends you. (SH +0)


Message History

No target in view!
a - 2 scrolls labelled EFEL ALE ZYS (gained 1)
You now have 99 gold pieces (gained 8).
r - a fizzy purple potion As you open the door, it creaks loudly!
There is an open door here.
You enter the shallow water.
Moving in this stuff is going to be slow.
j - 2 fizzy cyan potions (gained 1)
s - a sapphire potion
b - 2 potions of lignification (gained 1)
You enter the shallow water.
Moving in this stuff is going to be slow.
There is an open door here.
Ijyb the Twisted Goblin comes into view.
She is wielding a +0 dagger of electrocution and carrying a wand of flame.
Ijyb shouts!
Ijyb zaps a wand.
The puff of flame misses you.
Ijyb zaps a wand.
The puff of flame hits you.
Your condensation shield dissipates!
You take 3 damage, and have 29/32 hp.
Ijyb hits you but does no damage.
You hit Ijyb but do no damage. You headbutt Ijyb, but do no damage.
Ijyb hits you with a +0 dagger of electrocution.
You take 2 damage, and have 27/32 hp.
You hit Ijyb. You headbutt Ijyb, but do no damage.
Ijyb is moderately wounded.
Ijyb hits you but does no damage.
You are electrocuted!
Ouch! That really hurt!
You take 16 damage, and have 11/32 hp.
MASSIVE DAMAGE!!
You hit Ijyb.
Ijyb is moderately wounded.
Ijyb barely misses you.
You punch Ijyb!
Ijyb is severely wounded.
Ijyb hits you but does no damage.
You closely miss Ijyb.
Ijyb is severely wounded.
Ijyb hits you but does no damage.
You are electrocuted!!
Ouch! That really hurt!
You die...

..#......# ####.#
#..#~.....~#
..########
##..###.##~.....~#
..#
##........#~~~~~~~#
..#
#..#......#########
..# ##.#.........#
### ##........#####
# ##..#......# .
#.........## ..
.........h.# ...
.#######..g(# ..# .
#.(..# . #....#
###..# #..# ##.. ..


You could see Ijyb.

Vanquished Creatures
  Robin (D:2)
  An adder (D:2)
  An orc (D:3)
  4 ball pythons
  4 bats
  7 endoplasms
  2 giant cockroaches
  13 goblins (D:2)
  6 hobgoblins (D:1)
  2 quokkas (D:1)
  4 frilled lizards
  4 kobolds (D:1)
  3 rats
52 creatures vanquished.

Notes
Turn   | Place    | Note
-------+----------+-------------------------------------------
     0 | D:1      | Dirtsage the Demonspawn Shapeshifter began the quest for
                  | the Orb.
     0 | D:1      | Reached XP level 1. HP: 15/15 MP: 1/1
    48 | D:1      | Found Onouj's Weapon Boutique.
    79 | D:1      | Reached skill level 3 in Unarmed Combat
    92 | D:1      | Found Ifomy's General Store.
   139 | D:1      | Gained mutation: A meltable shield of frost defends you.
                  | (SH +0) [demonic ancestry]
   139 | D:1      | Reached XP level 2. HP: 21/21 MP: 2/2
   204 | D:1      | Found Zessei's Distillery.
   328 | D:1      | Found Hoanoeta's Antique Armour Emporium.
   628 | D:1      | Reached XP level 3. HP: 26/26 MP: 3/3
  1054 | D:2      | Noticed Robin
  1075 | D:2      | Killed Robin
  1118 | D:2      | Gained mutation: You have a pair of small horns on your
                  | head. [demonic ancestry]
  1118 | D:2      | Reached XP level 4. HP: 21/32 MP: 4/4
  1125 | D:2      | Reached skill level 4 in Unarmed Combat
  1697 | D:3      | Noticed Ijyb
  1706 | D:3      | Mangled by Ijyb

Illustrated notes

Levels and vault maps discovered:
D:1:      lightli_arrival_windingriver, layout_rooms, serial_shops,
          nicolae_shop_back_alley_shop, nicolae_square_shop,
          nicolae_shop_hallway_plus, nicolae_shop_industrial_runoff,
          nrook_campfire
D:2:      minmay_recursive_quarters, layout_loops_ring, nrook_mini_vaults,
          uniq_robin
D:3:      layout_rooms, lightli_temple_of_fire, dk_vineyard_1,
          uniq_crazy_yiuf_cottage, uniq_ijyb

Skill      XL: |  1  2  3  4 |
---------------+-------------+-----
Unarmed Combat | 3 4 |  4.1
Shapeshifting  | 3 |  3.2
Fighting       | |  1.0
Dodging        | |  1.7

Action                     |  1- 3 |  4- 6 || total
---------------------------+-------+-------++-------
  Melee: Unarmed           |   136 |    21 ||   157
         Punch             |     2 |       ||     2
         Headbutt          |       |     5 ||     5
 Armour: Ring mail         |    58 |     6 ||    64
         Animal skin       |     1 |       ||     1
  Dodge: Dodged            |    68 |    10 ||    78
  Block: Other             |    26 |     5 ||    31

Table legend: (Time is in decaauts)
 A = Elapsed time spent in this place.
 B = Non-inter-level travel time spent in this place.
 C = Inter-level travel time spent in this place.
 D = Time resting spent in this place.
 E = Time spent auto-exploring this place.
 F = Levels seen in this place.
 G = Mean time per level.
                   A        B        C        D        E       F      G
               +--------+--------+--------+--------+--------+-----+--------+
         Total |   1702 |   1634 |     68 |      0 |   1318 |   3 |  567.3 |
       Dungeon |   1702 |   1634 |     68 |      0 |   1318 |   3 |  567.3 |
               +--------+--------+--------+--------+--------+-----+--------+

Top non-repeatable levels by time:
     D:2: 876 daAuts
     D:1: 739 daAuts
     D:3: 86 daAuts
